 Dungeon Crawl Stone Soup version 0.29-a0-723-gce39da1c22 (webtiles) character file.

Game seed: 15704275861938813704

403 buhh the Trooper (level 6, 0/45 HPs)
             Began as an Octopode Transmuter on June 28, 2022.
             Splashed by a jelly's acid (9 damage)
             ... on level 5 of the Dungeon.
             The game lasted 00:08:47 (5580 turns).

buhh the Trooper (Octopode Transmuter)              Turns: 5580, Time: 00:08:47

Health: 0/45       AC: -11   Str:  9    XL:     6   Next: 86%
Magic:  8/9        EV: 13    Int: 18    God:
Gold:   402        SH:  0    Dex: 12    Spells: 8/9 levels left

rFire   + . .      SeeInvis .     - Unarmed
rCold   . . .      Faith    .   (no shield)
rNeg    . . .      Spirit   .   (helmet currently unavailable)
rPois   .          Reflect  .   (no amulet)
rElec   .          Harm     .   j - ring of protection from fire
rCorr   .          Rampage  .   (no ring)
Will    .....                   (no ring)
Stlth   +++.......              (no ring)
HPRegen 0.15/turn               (no ring)
MPRegen 0.11/turn               (no ring)
                                (no ring)
                                (no ring)

@: about to teleport, appendages, corroded
A: tentacle spike 3, almost no armour, amphibious, 8 rings, camouflage 1,
gelatinous body 1, (nimble swimmer 1), tentacles
a: End Transformation


You were on level 5 of the Dungeon.
One of your tentacles had grown a beastly spike.
You visited 1 branch of the dungeon, and saw 5 of its levels.

You collected 402 gold pieces.

Inventory:

Missiles
 d - a throwing net {!f}
Jewellery
 j - a ring of protection from fire (left tentacle)
Scrolls
 g - a scroll of identify {!d}
 Z - a scroll of enchant armour
Potions
 a - a potion of curing {unknown}
 b - a potion of magic {unknown}
 c - a potion of invisibility {unknown}
 f - a potion of mutation {unknown}
 h - 2 potions of resistance {unknown}
 i - a potion of brilliance {unknown}
 l - a potion of ambrosia {unknown}
 n - a potion of haste {unknown}


   Skills:
 - Level 5.0 Fighting
 - Level 2.0 Dodging
 - Level 1.0 Stealth
 - Level 3.0 Unarmed Combat
 - Level 2.0 Spellcasting
 * Level 4.9 Transmutations


You had 8 spell levels left.
You knew the following spells:

 Your Spells              Type           Power      Damage    Failure   Level
a - Beastly Appendage     Tmut           38%        N/A       2%          1

Your spell library contained the following spells:

 Spells                   Type           Power      Damage    Failure   Level
 Wereblood                Tmut           19%        N/A       3%          2
 Spider Form              Tmut/Pois      10%        N/A       21%         3
 Sublimation of Blood     Necr           1%         N/A       26%         2
 Inner Flame              Hex/Fire       1%         N/A       47%         3
 Portal Projectile        Hex/Tloc       2%         N/A       47%         3
 Tukima's Dance           Hex            1%         N/A       47%         3
 Ice Form                 Ice/Tmut       10%        N/A       54%         4
 Blade Hands              Tmut           9%         N/A       54%         5
 Cause Fear               Hex            0%         N/A       87%         4
 Irradiate                Conj/Tmut      5%         3d15      88%         5
 Dragon Form              Tmut           9%         N/A       100%        7
 Summon Hydra             Summ           0%         N/A       100%        7
 Discord                  Hex            0%         N/A       100%        8


Dungeon Overview and Level Annotations

Branches:
Dungeon (5/15) Zot: 24428
 Temple: D:4-7

Altars:
Makhleb
Xom


Innate Abilities, Weirdness & Mutations

One of your tentacles has grown a beastly spike.
You cannot wear most types of armour.
You are amphibious.
You can wear up to eight rings at the same time.
Your skin changes colour to match your surroundings (Stealth+).
Your rubbery body absorbs attacks. (AC +1, EV +1)
((You are camouflaged when in or above water. (Stealth+)))
You have tentacles for arms and can constrict up to eight enemies at once.


Message History

Aim: a jelly (89% to hit)
You throw a poisoned dart. The poisoned dart hits the jelly.
Really fire
d - 2 throwing nets {!f}?
A jelly is nearby!
Throw: 2 throwing nets {!f}
Press: ? - help, Q - select action, (/) - cycle Shift-Dir - straight line, f/p - jelly
Aim: a jelly (89% to hit)
You throw a throwing net {!f}. The throwing net {!f} hits the jelly.
The jelly is caught in the net!
The jelly struggles against the net.
The jelly struggles against the net.
The jelly struggles against the net.
The jelly struggles against the net.
The jelly struggles against the net.
The net rips apart, and the jelly comes free!
You tentacle-slap the jelly but do no damage.
Your tentacles burn!
You squeeze the jelly, but do no damage.
The jelly completely misses you.
Casting: Beastly Appendage (safe; 2% risk of failure)
Press: ? - help, Q - select action, (/) - cycle Dir - look around, f - activate One of your tentacles grows a vicious spike.
The jelly hits you.
You are splashed with acid!
You tentacle-slap the jelly but do no damage.
Your tentacles burn!
The jelly closely misses you.
You barely miss the jelly. The jelly hits you. The acid corrodes you!
You are splashed with acid!
You tentacle-slap the jelly. The acid corrodes you!
Your tentacles burn!
The jelly is lightly wounded.
The jelly hits you.
You are splashed with acid.
* * * LOW HITPOINT WARNING * * *
Really quaff
M - a potion of heal wounds {!q!d}?
You feel much better. The jelly hits you.
You are splashed with acid!
* * * LOW HITPOINT WARNING * * *
The jelly attacks as you move away! The jelly completely misses you.
As you read the scroll of teleportation {!d}, it crumbles to dust.
You feel strangely unstable. The jelly hits you.
* * * LOW HITPOINT WARNING * * *
The acid corrodes you!
You are splashed with acid!
You die...

#. #### .###
.......# #..
..# #....#
####.#(######.
.#.............
.... #J# ...#@#
!####.#.#
........#######
#####.#........
#.#.#####..
#.#.# #..
#.#.##.....
##.#........
##...##...#.#


You could see a jelly.

Vanquished Creatures
  A black bear (D:4)
  2 jellies (D:3)
  A hound (D:5)
  2 iguanas (D:3)
  4 gnolls (D:3)
  2 adders
  2 ufetubi (D:5)
  A worm (D:2)
  14 dart slugs
  5 orcs (D:3)
  8 endoplasms
  A giant cockroach (D:1)
  9 goblins
  6 hobgoblins
  2 jackals (D:1)
  7 kobolds
  4 quokkas
  12 ball pythons
  8 bats
  3 frilled lizards (D:2)
  8 rats
102 creatures vanquished.

Notes
Turn   | Place    | Note
-------+----------+-------------------------------------------
     0 | D:1      | buhh the Octopode Transmuter began the quest for the Orb.
     0 | D:1      | Reached XP level 1. HP: 13/13 MP: 3/3
   171 | D:1      | Reached XP level 2. HP: 19/19 MP: 3/5
   271 | D:1      | Reached skill level 2 in Fighting
   705 | D:1      | Found a faded altar of an unknown god.
   738 | D:1      | Reached XP level 3. HP: 25/25 MP: 4/6
  1104 | D:1      | Reached skill level 3 in Fighting
  1946 | D:2      | Reached XP level 4. HP: 31/32 MP: 5/7
  2570 | D:3      | Reached skill level 4 in Fighting
  2731 | D:3      | Reached XP level 5. HP: 38/38 MP: 8/8
  2779 | D:3      | HP: 1/38 [gnoll/+0 spear (9)]
  3032 | D:3      | Reached skill level 5 in Fighting
  3181 | D:3      | Found a shimmering altar of Xom.
  3607 | D:3      | Reached XP level 6. HP: 41/45 MP: 7/9
  4633 | D:4      | Noticed a black bear
  4710 | D:4      | Killed a black bear
  5400 | D:4      | Found a burning altar of Makhleb.
  5441 | D:5      | Entered Level 5 of the Dungeon
  5580 | D:5      | Splashed by a jelly's acid

Illustrated notes

Levels and vault maps discovered:
D:1:      erik_arrival_triangle_large, layout_basic,
          shapermc_ecumenical_altar_mp_vishouse
D:2:      layout_loops_cross, grunt_ministairs_13, nicolae_figureground_sparkle
D:3:      minmay_general_purpose_star, layout_loops_corners, dk_xom_monty_hall
D:4:      kennysheep_slugbush, layout_basic, lightli_temple_of_fire
D:5:      layout_loops_corners, nicolae_overflow_crystal_walls,
          fedhas_bush_and_centaur_altar

Skill      XL: |  1  2  3  4  5  6 |
---------------+-------------------+-----
Stealth        | 1 |  1.0
Fighting       | 2 3 4 5 |  5.0
Transmutations | 3 4 |  4.9
Dodging        | |  2.0
Unarmed Combat | |  3.0
Spellcasting   | |  2.0

Action                   |  1- 3 |  4- 6 || total
-------------------------+-------+-------++-------
Melee: Unarmed           |    77 |   122 ||   199
       Kick              |    30 |    40 ||    70
       Constrict         |    19 |    35 ||    54
       Tentacles         |    13 |    21 ||    34
       Punch             |     1 |     4 ||     5
Throw: Dart              |       |     9 ||     9
       Boomerang         |       |     8 ||     8
       Throwing net      |       |     3 ||     3
 Cast: Beastly Appendage |    30 |    35 ||    65
  Use: Potion            |       |     5 ||     5
       Scroll            |       |    13 ||    13
 Stab: Sleeping          |     7 |     6 ||    13
Armor: Skin              |     5 |    59 ||    64
Dodge: Dodged            |    44 |    56 ||   100

Table legend: (Time is in decaauts)
 A = Elapsed time spent in this place.
 B = Non-inter-level travel time spent in this place.
 C = Inter-level travel time spent in this place.
 D = Time resting spent in this place.
 E = Time spent auto-exploring this place.
 F = Levels seen in this place.
 G = Mean time per level.
                   A        B        C        D        E       F      G
               +--------+--------+--------+--------+--------+-----+--------+
         Total |   5570 |   5402 |    168 |    182 |   4420 |   5 | 1114.0 |
       Dungeon |   5570 |   5402 |    168 |    182 |   4420 |   5 | 1114.0 |
               +--------+--------+--------+--------+--------+-----+--------+

Top non-repeatable levels by time:
     D:1: 1701 daAuts
     D:3: 1618 daAuts
     D:4: 1368 daAuts
     D:2: 743 daAuts
     D:5: 138 daAuts
